 Dungeon Crawl Stone Soup version 0.30-a0-1050-g2766ea1e55 (webtiles) character file.

Game seed: 14143468930490579574

52 Arzdou the Insei (level 3, 0/23 HPs)
             Began as an Octopode Transmuter on Apr 10, 2023.
             Slain by a quokka (4 damage)
             ... on level 2 of the Dungeon.
             The game lasted 00:02:40 (1693 turns).

Arzdou the Insei (Octopode Transmuter)              Turns: 1693, Time: 00:02:41

Health: 0/23       AC:  1    Str:  9    XL:     3   Next: 85%
Magic:  15/15      EV: 13    Int: 17    God:
Gold:   122        SH:  0    Dex: 12    Spells: 3/6 levels left

rFire   + . .      SeeInvis .      - Unarmed
rCold   . . .      Faith    .    (no shield)
rNeg    . . .      Spirit   .    (helmet restricted)
rPois   .          Reflect  .    (no amulet)
rElec   .          Rampage  .    d - ring of magical power
rCorr   .                        e - ring of protection from fire
Will    .....                    (no ring)
Stlth   +++                      (no ring)
HPRegen 0.23/turn                (no ring)
MPRegen 0.14/turn                (no ring)
                                 (no ring)
                                 (no ring)

@: no status effects
A: almost no armour, amphibious, 8 rings, camouflage 1, gelatinous body 1,
(nimble swimmer 1), tentacles
a: no special abilities


You were on level 2 of the Dungeon.
You visited 1 branch of the dungeon, and saw 2 of its levels.

You collected 122 gold pieces.

Inventory:

Jewellery
 d - a ring of magical power (left tentacle)
 e - a ring of protection from fire (right tentacle)
Scrolls
 g - a scroll of enchant weapon {unknown}
 h - a scroll of noise {unknown}
 i - 2 scrolls of identify {unknown}
 j - a scroll of fog {unknown}
Potions
 a - a potion of lignification
 b - 2 potions of curing {unknown}
 c - a potion of heal wounds {unknown}
 f - a potion of berserk rage {unknown}


   Skills:
 + Level 1.0 Fighting
 + Level 2.3 Dodging
 + Level 1.8 Stealth
 + Level 3.6 Unarmed Combat
 + Level 2.2 Spellcasting
 + Level 2.5 Transmutations


You had 3 spell levels left.
You knew the following spells:

 Your Spells              Type           Power      Damage    Failure   Level
a - Beastly Appendage     Tmut           20%        N/A       7%          1
b - Wereblood             Tmut           10%        N/A       11%         2

Your spell library contained the following spells:

 Spells                   Type           Power      Damage    Failure   Level
 Spider Form              Tmut/Pois      6%         N/A       34%         3
 Ice Form                 Ice/Tmut       6%         N/A       75%         4


Dungeon Overview and Level Annotations

Branches:
Dungeon (2/15)

Altars:


Innate Abilities, Weirdness & Mutations

You cannot wear most types of armour.
You are amphibious.
You can wear up to eight rings at the same time.
Your skin changes colour to match your surroundings (Stealth+).
Your rubbery body absorbs attacks. (AC +1, EV +1)
((You are camouflaged when in or above water. (Stealth+)))
You have tentacles for arms and can constrict up to eight enemies at once.


Message History

j - a scroll labelled XUGUEK TUFROQI A kobold comes into view.
It is wielding a +0 dagger.
A kobold is nearby!
The kobold shouts!
You tentacle-slap the kobold. You grab the kobold.
The kobold is heavily wounded.
You constrict the kobold. The kobold closely misses you.
You tentacle-slap the kobold.
You kill the kobold!
No target in view!
A quokka comes into view.
A quokka is nearby!
The quokka bites you.
You closely miss the quokka. Your grab misses the quokka.
The quokka closely misses you.
You tentacle-slap the quokka. Your grab misses the quokka.
You squeeze the quokka, but do no damage.
The quokka is heavily wounded.
The quokka bites you. x2
You tentacle-slap the quokka. Your grab misses the quokka.
The quokka is severely wounded.
The quokka bites you.
You barely miss the quokka. Your grab misses the quokka.
The quokka is severely wounded.
The quokka bites you.
You are too injured to fight recklessly!
You are too injured to fight recklessly!
You are too injured to fight recklessly!
You are too injured to fight recklessly!
You are too injured to fight recklessly!
You closely miss the quokka. Your grab misses the quokka.
Your squeeze misses the quokka.
The quokka is severely wounded.
The quokka bites you.
* * * LOW HITPOINT WARNING * * *
You barely miss the quokka. Your grab misses the quokka.
Your squeeze misses the quokka.
The quokka is severely wounded.
The quokka bites you.
You die...

##....####.##.# #.....##
#####[#......÷##.## ####.>####.
......#......#....#####.÷........
#####...####.............#.#####.
#...# ###......######.### #.
#...# #....### #...###.
#........# #....# ###..##.
#.#.#.##.# ###.## ####.##.
#......# .##..@# #.......
#.....## #.....r# #....... #.....
#.#..... #....... #..... #.
#...... #...)... #...# #......#
#....... #......# #.......
#......# #....... ########
########


You could see a quokka.

Vanquished Creatures
  2 adders (D:2)
  A worm (D:2)
  2 endoplasms (D:1)
  A giant cockroach (D:1)
  2 goblins
  4 hobgoblins
  3 quokkas
  4 ball pythons
  3 bats (D:1)
  3 frilled lizards (D:1)
  4 kobolds
  A rat (D:2)
30 creatures vanquished.

Notes
Turn   | Place    | Note
-------+----------+-------------------------------------------
     0 | D:1      | Arzdou the Octopode Transmuter began the quest for the Orb.
     0 | D:1      | Reached XP level 1. HP: 13/13 MP: 3/3
   472 | D:1      | Reached XP level 2. HP: 13/18 MP: 5/5
   475 | D:1      | Learned a level 2 spell: Wereblood
  1345 | D:2      | Reached XP level 3. HP: 23/23 MP: 6/6
  1446 | D:2      | Reached skill level 1 in Stealth
  1693 | D:2      | Slain by a quokka

Illustrated notes

Levels and vault maps discovered:
D:1:      dpeg_arrival_ternary, layout_loops_corners
D:2:      layout_rooms

Skill      XL: |  1  2  3 |
---------------+----------+-----
Stealth        | 1 |  1.8
Fighting       | |  1.0
Dodging        | |  2.3
Unarmed Combat | |  3.6
Spellcasting   | |  2.2
Transmutations | |  2.5

Action                     || total
---------------------------++-------
  Melee: Unarmed           ||    83
         Constrict         ||    19
         Kick              ||    12
         Tentacles         ||    12
         Punch             ||     3
   Cast: Beastly Appendage ||    16
         Wereblood         ||     1
   Stab: Sleeping          ||     6
 Armour: Skin              ||     2
  Dodge: Dodged            ||    43

Table legend: (Time is in decaauts)
 A = Elapsed time spent in this place.
 B = Non-inter-level travel time spent in this place.
 C = Inter-level travel time spent in this place.
 D = Time resting spent in this place.
 E = Time spent auto-exploring this place.
 F = Levels seen in this place.
 G = Mean time per level.
                   A        B        C        D        E       F      G
               +--------+--------+--------+--------+--------+-----+--------+
         Total |   1686 |   1659 |     27 |      0 |   1423 |   2 |  843.0 |
       Dungeon |   1686 |   1659 |     27 |      0 |   1423 |   2 |  843.0 |
               +--------+--------+--------+--------+--------+-----+--------+

Top non-repeatable levels by time:
     D:1: 1190 daAuts
     D:2: 495 daAuts
